 Dungeon Crawl Stone Soup version 0.27-a0-1118-ga84896973d (webtiles) character file.

Game seed: 6550928205292194362

4 Froggeryz the Ruffian (level 1, 0/11 HPs)
             Began as a Vine Stalker Berserker on May 2, 2021.
             Was a Follower of Trog.
             Slain by a quokka (2 damage)
             ... on level 1 of the Dungeon.
             The game lasted 00:00:15 (285 turns).

Froggeryz the Ruffian (Vine Stalker Berserker)       Turns: 285, Time: 00:00:16

Health: 0/11       AC:  5    Str: 19    XL:     1   Next: 60%
Magic:  0/2        EV: 11    Int:  7    God:    Trog [*.....]
Gold:   0          SH:  0    Dex: 13    Spells: 0/0 levels left

rFire    . . .     SeeInvis .     - Unarmed
rCold    . . .     Faith    .   (no shield)
rNeg     . . .     Spirit   +   c - +0 ring mail
rPois    .         Reflect  .   (no helmet)
rElec    .         Harm     .   (no cloak)
rCorr    .         Rampage  .   (no gloves)
Will     .....                  (no boots)
Stlth    +.........             (no amulet)
HPRegen  0.03/turn              (no ring)
MPRegen  0.08/turn              (no ring)

@: no status effects
A: fangs 2, magic shield, antimagic bite, no potion heal 2
a: Renounce Religion, Berserk


You were on level 1 of the Dungeon.
You worshipped Trog.
Trog was aware of your devotion.
You visited 1 branch of the dungeon, and saw 1 of its levels.

Inventory:

Armour
 c - a +0 ring mail (worn)
Scrolls
 a - a scroll of identify {unknown}
Potions
 b - a potion of cancellation {unknown}
 d - a potion of flight {unknown}


   Skills:
 - Level 2.6 Fighting
 - Level 1.5 Armour
 - Level 1.5 Dodging
 * Level 3.3 Unarmed Combat


You couldn't memorise any spells.
You didn't know any spells.
Your spell library was empty.

Dungeon Overview and Level Annotations

Branches:
Dungeon (1/15)

Altars:


Innate Abilities, Weirdness & Mutations

You have extremely sharp teeth.
When hurt, damage is shared between your health and your magic reserves.
Your bite disrupts and absorbs the magic of your enemies.
Potions cannot restore your health.


Message History

You kill the ball python!
Trog accepts your kill.
No target in view!
No target in view!
A quokka comes into view.
Found a robe.
A quokka is nearby!
A quokka is nearby!
A quokka comes into view.
The quokka bites you. The quokka completely misses you.
You closely miss the quokka. You bite the quokka. You drain its power.
You feel invigorated.
The quokka is lightly wounded.
The quokka bites you. The quokka barely misses you.
Your ring mail prevents you from hitting the quokka.
The quokka is lightly wounded.
The quokka barely misses you. The quokka misses you.
You hit the quokka. You bite the quokka, but do no damage.
The quokka is heavily wounded.
The quokka bites you.
The quokka bites you but does no damage.
You are too injured to fight recklessly!
You are too injured to fight recklessly!
You are too injured to fight recklessly!
You are too injured to fight recklessly!
You barely miss the quokka. You punch the quokka.
You kill the quokka!
Trog accepts your kill. The quokka bites you.
* * * LOW HITPOINT WARNING * * *
You hit the quokka but do no damage. You bite the quokka. You drain its power.
You feel invigorated.
The quokka is moderately wounded.
The quokka bites you.
* * * LOW HITPOINT WARNING * * *
You barely miss the quokka.
The quokka is moderately wounded.
The quokka bites you but does no damage.
The quokka bites you.
You die...

#.##.##.#.#......#...#
#......
..##.##.#.#...........
#......
..##.##.#.##.....##..#
#......
..###.##.#............#
#..#.## ##
#.##.######.####.###
#..#.
#.#....#............ #.
#. #.# #.....#.###.###
#.## #........# #...
#.....@..# ####
##...#†r.#
....##.##.... .#.. .[
...... # #.. ...... #
#### #.# ...... #. ....
## ...#. #.##... ..# .
#...... ..#..⌠...


You could see a quokka.

Vanquished Creatures
  2 ball pythons (D:1)
  A quokka (D:1)
  A rat (D:1)
4 creatures vanquished.

Notes
Turn   | Place    | Note
-------+----------+-------------------------------------------
     0 | D:1      | Froggeryz the Vine Stalker Berserker began the quest for
                  | the Orb.
     0 | D:1      | Reached XP level 1. HP: 11/11 MP: 2/2
   285 | D:1      | Slain by a quokka

Illustrated notes

Levels and vault maps discovered:
D:1:      scummos_arrival_simple_fountains, layout_basic,
          hellmonk_ecumenical_altar_the_god_not_taken, minmay_distorted

Action                   || total
-------------------------++-------
Melee: Unarmed           ||    15
       Bite              ||     6
       Punch             ||     1
Armor: Ring mail         ||     2
       Animal skin       ||     1
Dodge: Dodged            ||    16

Table legend: (Time is in decaauts)
 A = Elapsed time spent in this place.
 B = Non-inter-level travel time spent in this place.
 C = Inter-level travel time spent in this place.
 D = Time resting spent in this place.
 E = Time spent auto-exploring this place.
 F = Levels seen in this place.
 G = Mean time per level.
                   A        B        C        D        E       F      G
               +--------+--------+--------+--------+--------+-----+--------+
         Total |    284 |    265 |     19 |      0 |    226 |   1 |  284.0 |
       Dungeon |    284 |    265 |     19 |      0 |    226 |   1 |  284.0 |
               +--------+--------+--------+--------+--------+-----+--------+

Top non-repeatable levels by time:
     D:1: 284 daAuts
